 Dungeon Crawl Stone Soup version 0.20.1-1-g8b1a95d (console) character file.

141 hilaritas the Chopper (level 5, -1/43 HPs)
             Began as a Barachi Berserker on Feb 16, 2018.
             Was a Believer of Trog.
             Killed from afar by an orc wizard (7 damage)
             ... with a magic dart
             ... on level 3 of the Dungeon on Feb 17, 2018.
             The game lasted 00:05:10 (2399 turns).

hilaritas the Chopper (Barachi Berserker)           Turns: 2399, Time: 00:05:11

Health: -1/43      AC:  5    Str: 19    XL:     5   Next: 24%
Magic:  5/5        EV: 11    Int:  8    God:    Trog [**....]
Gold:   30         SH:  0    Dex: 11    Spells: 4/4 levels left

rFire    . . .     SeeInvis +   a - +0 hand axe
rCold    . . .     Gourm    .   (no shield)
rNeg     . . .     Faith    .   h - +0 ring mail
rPois    .         Spirit   .   (no helmet)
rElec    .         Reflect  .   (no cloak)
rCorr    .         Harm     .   (no gloves)
MR       .....                  (no boots)
Stlth    +.........             (no amulet)
Regen    0.2/turn               d - ring of see invisible
MPRegen  0.1/turn               (no ring)

@: slowed, very slow
A: +LOS, swims, slowness 1, strong legs 1
a: Hop, Berserk, Trog's Hand, Burn Spellbooks, Renounce Religion


You were on level 3 of the Dungeon.
You worshipped Trog.
Trog was pleased with you.
You were hungry.

You visited 1 branch of the dungeon, and saw 3 of its levels.

You collected 30 gold pieces.

Inventory:

Hand Weapons
 a - a +0 hand axe (weapon)
 g - a +0 hand axe
 i - a +0 whip
Missiles
 e - 6 tomahawks (quivered)
Armour
 h - a +0 ring mail (worn)
Jewellery
 d - a ring of see invisible (left hand)
Scrolls
 l - a scroll of teleportation
Potions
 b - a potion of brilliance
 j - 2 potions of might
 k - a potion of agility
Comestibles
 c - 2 bread rations
 f - 3 meat rations


   Skills:
 + Level 4.4 Fighting
 * Level 5.8 Axes
 - Level 2.4 Armour
 - Level 2.1 Dodging


You had 4 spell levels left.
You didn't know any spells.

Dungeon Overview and Level Annotations

Branches:
Dungeon (3/15)

Altars:


Innate Abilities, Weirdness & Mutations

Shadows flee at your approach. (+LOS)
You can swim through water.
You cover ground slowly.
You can hop short distances.


Message History

The orc wizard hits you but does no damage.
You barely miss the orc wizard.
The orc wizard is severely wounded.
The orc wizard hits you with a dagger.
* * * LOW HITPOINT WARNING * * *
The orc wizard points at you and mumbles some strange words.
You resist with some effort.
You hit the orc wizard.
The orc wizard is severely wounded.
The orc wizard hits you but does no damage.
You barely miss the orc wizard.
The orc wizard is severely wounded.
The orc wizard points at you and mumbles some strange words.
You feel yourself slow down.
The orc wizard hits you but does no damage.
You barely miss the orc wizard.
The orc wizard is severely wounded.
The orc wizard points at you and mumbles some strange words.
The magic dart hits you!
You die...

#≈≈≈≈≈P...≈##
##P≈≈≈≈≈(.≈≈P#
##≈≈≈≈≈≈...P≈≈♣
#P≈≈≈≈PP...≈≈≈♣
♣P≈≈≈≈≈...≈≈≈♣
♣♣≈≈≈≈≈≈..≈P≈♣
♣≈P≈P≈≈...≈≈♣♣
♣≈≈PP≈....≈≈P♣
#♣P≈≈PP...≈≈≈≈♣
#.♣≈♣≈P≈.o.≈≈♣♣
##.##≈≈..@≈≈♣≈#
#..##≈≈..≈♣≈##
##.##....≈P#########
#..#....≈P........#
##.#.##)#########.#
#...##)).......#.#
######.)##.#######.#.#
#......>.#.#<......#.#
#........#(#########.#
#........#((.(.)...#.#
#........#########.#.#


You could see an orc wizard.

Vanquished Creatures
  A quasit (D:3)
  3 adders (D:2)
  An ooze (D:2)
  3 dart slugs
  2 leopard geckos
  3 orcs (D:3)
  5 bats
  6 giant cockroaches
  12 hobgoblins
  2 jackals (D:1)
  8 kobolds
  4 ball pythons
  5 goblins
  5 rats
60 creatures vanquished.

Notes
Turn   | Place    | Note
-------+----------+-------------------------------------------
     0 | D:1      | hilaritas the Barachi Berserker began the quest for the Orb.
     0 | D:1      | Reached XP level 1. HP: 18/18 MP: 1/1
    44 | D:1      | Reached XP level 2. HP: 6/25 MP: 2/2
   404 | D:1      | Reached skill level 4 in Axes
   579 | D:1      | Reached XP level 3. HP: 12/30 MP: 3/3
  1367 | D:2      | Found a faded altar of an unknown god.
  1389 | D:2      | Reached ** piety under Trog
  1516 | D:2      | Reached XP level 4. HP: 34/37 MP: 4/4
  1641 | D:2      | Reached skill level 5 in Axes
  2235 | D:3      | Reached XP level 5. HP: 38/43 MP: 5/5
  2399 | D:3      | Killed from afar by an orc wizard

Skill      XL: |  1  2  3  4 |
---------------+-------------+-----
Axes           | 4 5 |  5.8
Fighting       | 4 |  4.4
Armour         | |  2.4
Dodging        | |  2.1

Action                   |  1- 3 |  4- 6 || total
-------------------------+-------+-------++-------
Melee: Hand axe          |   125 |   100 ||   225
  Use: Scroll            |     4 |     2 ||     6
  Eat: Chunk             |     2 |     3 ||     5
Armor: Animal skin       |    35 |       ||    35
       Ring mail         |    14 |    61 ||    75
Dodge: Dodged            |    99 |    76 ||   175
